Description

Neuros basic roach/hydra/viper Build good against mech/skytoss

VOD

https://youtu.be/8--jrjhnDVc

Build Order

Get SALT Encoding   

  12  0:03   Drone  
  13  0:12   Overlord  
  13  0:19   Drone x3  
  16  0:50  2nd Hatchery  
  16  0:53   Drone  
  16  0:58   Extractor  
  16  1:00   Drone x3  
  18  1:20   Spawning Pool  
  17  1:25   Drone x3  
  20  1:30   Overlord  
  20  2:00   Queen x2  
  25  2:05   Zergling x2  
  26  2:10   Metabolic Boost  
  26  2:15  2 of gas Action  
  30  2:40  3rd Hatchery  
  30  2:50   Overlord  
  36  3:15   Overlord  
  45  3:30  OV scout Action  
  47  3:35  re Gas Action  
  50  3:50   Roach Warren  
  50  3:55   Lair  
  55  4:40   Spore Crawler  
  70  5:10  4th Hatchery  
  72  5:20   Evolution Chamber x2  
  80  5:40   Hydralisk Den  
  85  5:45   Infestation Pit  
Spawning Tool Build Advisor. Get it on Overwolf

Go to:

Details

  • Created by: moistling
  • Published on: Aug 13, 2020
  • Modified on: Aug 14, 2020
  • Patch: 4.11.0
  • Difficulty: Easy
Show
View Real Time Build Order
Export as new Build Order

Comments (0)

There are no comments. Be the first!

Create an account to comment!